AoeStats
← IllusiveJellyfish

Arabia

508557850Analyzed
2v2 RM · 8d ago on Sep 23, 2026· 28m 8s· 4 players
Game mode
Random Map
Map size
Medium (4 player)
Population
200
Speed
Normal
Resources
Standard
Victory
Conquest
Starting age
Dark Age
Ending age
Imperial Age
RankedLock teamsTeams togetherTeam positionsShared explorationLock speedFull tech treeHidden civsTurbo modeCheats
Victory
Defeat
🇲🇽 Persians · Mexico
1278
+12
🇲🇽 Ethiopians · Mexico
1243
+13
🇺🇸 Vikings · United States
1189
-12
🇺🇸 Varangians · United States
1189
-13
Dr. Pulgozoo0
7:25 Loom
9:52 Feudal Age
10:26 Double-Bit Axe
13:48 Fletching
22:37 Castle Age
21:41 Gold Mining
22:00 Padded Archer Armor
23:16 Bodkin Arrow
22:42 Crossbowman
23:36 Bow Saw
25:09 Leather Archer Armor
26:23 Ballistics
28:54 Wheelbarrow
Arq. Barbaelegante
6:07 Loom
8:52 Feudal Age
9:21 Double-Bit Axe
9:27 Horse Collar
16:52 Town Watch
22:32 Gold Mining
23:24 Forging
23:20 Scale Barding Armor
24:51 Bloodlines
27:54 Castle Age
28:22 Husbandry
IllusiveJellyfish
6:44 Loom
9:51 Feudal Age
11:17 Double-Bit Axe
13:42 Bloodlines
28:21 Scale Barding Armor
28:28 Forging
Oomeulbad
1:12 Loom
7:16 Loom
10:17 Feudal Age
10:51 Double-Bit Axe
10:42 Man-at-Arms
17:29 Horse Collar
23:04 Castle Age
23:56 Scale Barding Armor
24:16 Bow Saw
25:49 Gold Mining
Connection lost

Rejoining the realm…

Still unreachable

The connection could not be restored.

Session expired

The server has moved on; the page needs a fresh start.